 Dungeon Crawl Stone Soup version 0.17.0-26-gececa24 (console) character file.

1 gw the Stinger (level 1, -1/15 HPs)
             Began as a Naga Venom Mage on Nov 19, 2015.
             Slain by a giant gecko (4 damage)
             ... on level 1 of the Dungeon.
             The game lasted 00:00:37 (73 turns).

gw the Stinger (Naga Venom Mage)                      Turns: 73, Time: 00:00:37

Health: -1/15      AC:  1    Str: 10    XL:     1   Next: 20%
Magic:  1/3        EV: 10    Int: 15    God:
Gold:   0          SH:  0    Dex: 11    Spells: 1 memorised, 3 levels left

rFire  . . .     SeeInvis +     (no weapon)
rCold  . . .     Clarity  .     a - +0 robe
rNeg   . . .     SustAt   .     (no shield)
rPois  +         Gourm    .     (no helmet)
rElec  .         Spirit   .     (no cloak)
rCorr  .         Warding  .     (no gloves)
rMut   .         Stasis   .     (no barding)
MR     .....                    (no amulet)
Stlth  ++........               (no ring)
                                (no ring)

@: very slow, not resistant to hostile enchantments, unstealthy
A: see invisible, deformed body, poison resistance, slowness 2, slow metabolism
1, spit poison 2, AC +0
a: Spit Poison


You were on level 1 of the Dungeon.
You were not hungry.

You visited 1 branch of the dungeon, and saw 1 of its levels.

Inventory:

Armour
 a - a +0 robe (worn)
Books
 b - a Young Poisoner's Handbook

   Spells                             Type                      Level
   a - Sting                          Conjuration/Poison           1
   b - Cure Poison                    Poison                       2
   c - Mephitic Cloud                 Conjuration/Poison/Air       3
   d - Olgreb's Toxic Radiance        Poison                       4
   e - Venom Bolt                     Conjuration/Poison           5
Comestibles
 c - a bread ration


   Skills:
 + Level 0.0 Fighting
 + Level 1.5 Dodging
 - Level 3.0 Stealth
 * Level 2.1 Spellcasting
 + Level 5.3 Poison Magic


You had 3 spell levels left.
You knew the following spells:

 Your Spells              Type           Power        Failure   Level  Hunger
a - Sting                 Conj/Pois      #...         10%         1    #......


Dungeon Overview and Level Annotations

Branches:
Dungeon (1/15)

Altars:


Innate Abilities, Weirdness & Mutations

You cannot wear boots.
Your serpentine skin is tough (AC +0).
You have supernaturally acute eyesight.
Armour fits poorly on your strangely shaped body.
Your system is resistant to poisons.
You cover ground very slowly.
You have a slow metabolism.
You can spit poison.


Message History

Fight failed; Making a random move The giant gecko bites you.
The giant gecko closely misses you.
MOVING TO (2,-2)
The giant gecko bites you. The giant gecko barely misses you.
Attempting RANGED ATTACK TO (1,1) x2
Fight failed Attempting RANGED ATTACK TO (1,1) x2
Fight failed; Making a random move The giant gecko bites you.
MOVING TO (3,0)
The giant gecko hisses menacingly.
The giant gecko closely misses you.
Attempting RANGED ATTACK TO (0,1) x2
Fight failed Attempting RANGED ATTACK TO (0,1) x2
Fight failed; Making a random move The giant gecko closely misses you.
The giant gecko barely misses you.
MOVING TO (3,0)
The giant gecko bites you. x2
You die...

#...# .... ####...##.....
..#...#..... #.#.....# ..
##########.##...###.
#.......##.....# #..
#.......##.....###.#
####'#####.#.#..##.#
####.#####...##.N#.# ###
.............###l#.##...##
.......}.................#
##.###....#............!.#
##'###..##................
#...##..##................
#...##..##................
#.<.##..##...%............
#...##..##................


You could see a giant gecko.

Table legend:
 A = Turns spent in this place as a percentage of turns spent in the entire game.
 B = Non-inter-level travel turns spent in this place as a percentage of non-inter-level travel turns spent in the entire game.
 C = Inter-level travel turns spent in this place as a percentage of turns spent in this place.
 D = Turns resting spent in this place as a percentage of non-inter-level travel turns spent in this place.
 E = Turns spent auto-exploring this place as a percentage of non-inter-level travel turns spent in this place.
 F = Non-inter-level travel turns spent in this place divided by the number of levels of this place that you've seen.
                   A       B       C       D       E      F
               +-------+-------+-------+-------+-------+----------------------
         Total | 100.0 | 100.0 |   0.0 |   1.0 |   1.5 | 195.0
       Dungeon | 100.0 | 100.0 |   0.0 |   1.0 |   1.5 | 195.0
               +-------+-------+-------+-------+-------+----------------------

Table legend:
 A = Kills in this place as a percentage of kills in entire the game.
 B = Kills by you in this place as a percentage of kills by you in the entire game.
 C = Kills by friends in this place as a percentage of kills by friends in the entire game.
 D = Other kills in this place as a percentage of other kills in the entire game.
 E = Experience gained in this place as a percentage of experience gained in the entire game.
 F = Experience gained in this place divided by the number of levels of this place that you have seen.
                   A       B       C       D       E      F
               +-------+-------+-------+-------+-------+----------------------
         Total | 100.0 | 100.0 |  -nan |  -nan | 100.0 |   2.0
       Dungeon | 100.0 | 100.0 |  -nan |  -nan | 100.0 |   2.0
               +-------+-------+-------+-------+-------+----------------------

Vanquished Creatures
  A ball python (D:1)
1 creature vanquished.

Notes
Turn   | Place    | Note
--------------------------------------------------------------
     0 | D:1      | gw the Naga Venom Mage began the quest for the Orb.
     0 | D:1      | Reached XP level 1. HP: 15/15 MP: 3/3
    73 | D:1      | Slain by a giant gecko

Action                   || total
-------------------------++-------
 Cast: Sting             ||     5

Vault maps used:
D:1:      dpeg_arrival_rooms_a, minmay_misc_feat_more_columns
